 Dungeon Crawl Stone Soup version 0.29.1-15-g9cfb28693d (webtiles) character file.

Game seed: 6096916568880405511

37 devnull the Poker (level 3, -2/27 HPs)
             Began as a Merfolk Gladiator on Mar 26, 2023.
             Killed from afar by an orc wizard (7 damage)
             ... with a puff of flame
             ... on level 3 of the Dungeon.
             The game lasted 00:02:05 (2313 turns).

devnull the Poker (Merfolk Gladiator)               Turns: 2313, Time: 00:02:06

Health: -2/27      AC:  5    Str: 16    XL:     3   Next: 39%
Magic:  3/3        EV: 14    Int:  7    God:
Gold:   142        SH:  0    Dex: 21    Spells: 2/2 levels left

rFire   . . .      SeeInvis .   a - +0 trident
rCold   . . .      Faith    .   (no shield)
rNeg    . . .      Spirit   .   b - +0 leather armour
rPois   .          Reflect  .   c - +0 helmet
rElec   .          Harm     .   (no cloak)
rCorr   .          Rampage  .   (no gloves)
Will    .....                   j - +0 pair of boots {Stlth+}
Stlth   +++.......              r - amulet of the acrobat
HPRegen 0.09/turn               v - +6 ring of dexterity
MPRegen 0.08/turn               (no ring)

@: no status effects
A: (nimble swimmer 2), mertail
a: no special abilities


You were on level 3 of the Dungeon.
You visited 1 branch of the dungeon, and saw 3 of its levels.

You collected 142 gold pieces.

Inventory:

Hand Weapons
 a - a +0 trident (weapon)
Missiles
 d - 3 throwing nets (quivered)
 e - a javelin
Armour
 b - a +0 leather armour (worn)
 c - a +0 helmet (worn)
 j - a +0 pair of boots of stealth (worn)
Jewellery
 r - an amulet of the acrobat (around neck)
 v - a +6 ring of dexterity (left hand)
Scrolls
 f - a scroll of teleportation
 i - a scroll of fear
 m - a scroll of immolation
 o - a scroll of amnesia {unknown}
 p - a scroll of blinking {unknown}
 q - a scroll of vulnerability {unknown}
 s - a scroll of enchant weapon {unknown}
 u - a scroll of silence {unknown}
Potions
 g - 2 potions of ambrosia {unknown}
 h - a potion of brilliance {unknown}
 k - 3 potions of curing {unknown}
 l - 2 potions of flight {unknown}
 n - a potion of magic {unknown}
 t - a potion of haste {unknown}


   Skills:
 - Level 2.1 Fighting
 + Level 5.8 Polearms
 - Level 2.0 Throwing
 - Level 4.0 Dodging


You had 2 spell levels left.
You didn't know any spells.
Your spell library contained the following spells:

 Spells                   Type           Power      Damage    Failure   Level
 Gell's Gravitas          Tloc           0%         N/A       86%         3
 Lesser Beckoning         Tloc           0%         N/A       86%         3
 Teleport Other           Tloc           0%         N/A       86%         3


Dungeon Overview and Level Annotations

Branches:
Dungeon (3/15)

Altars:
Xom


Innate Abilities, Weirdness & Mutations

((You are very nimble when in or above water. (Stealth+, EV+, Speed+++)))
Your lower body shifts to a powerful aquatic tail in water.


Message History

You hit the rat.
You kill the rat!
You hit the orc.
The orc is severely wounded.
The orc closely misses you.
You puncture the orc!
You kill the orc!
You hit the orc.
The orc is heavily wounded.
The orc barely misses you.
You hit the orc but do no damage.
The orc is heavily wounded.
The orc hits you but does no damage.
You hit the orc.
You kill the orc!
No target in view!
No target in view!
No target in view!
You miss something. Something hits you but does no damage.
You puncture something! Something hits you.
You hit something. Something hits you but does no damage.
You miss something. Something hits you but does no damage.
You closely miss something. Something barely misses you.
You miss something. Something hits you but does no damage.
You barely miss something. Something barely misses you.
You closely miss something.
You hear some strange, mumbled words.
A puff of flame appears from out of thin air!
The puff of flame hits you!
You miss something. Something hits you.
* * * LOW HITPOINT WARNING * * *
You barely miss something.
You hear some strange, mumbled words.
A magic dart appears from out of thin air!
The magic dart hits you.
* * * LOW HITPOINT WARNING * * *
You hear some strange, mumbled words.
A puff of flame appears from out of thin air!
The puff of flame hits you!
You die...

#.#.......# #.#
#.#^......# #.#
###.........# #.#
#...........# #.#
#..†......# #.#
#.....####### #.#####
#.#.....#...# #.....#
#.#.###.#...#####
#####.# #.#.#
#>....@{..## ##'###
#.#.# ##..#####..####
#..... #.#
##.######..o.# #.....
#.
#..#....o...####.....
##.+.................
##.......#..###.#.#
#.......##...#.#.#
#..o....# ##......
#..{....# ...#..


You could see an orc wizard (wandering).

Vanquished Creatures
  2 orcs (D:3)
  A ball python (D:2)
  A bat (D:1)
  4 endoplasms (D:2)
  2 giant cockroaches
  3 goblins
  3 hobgoblins
  4 jackals (D:3)
  A quokka (D:1)
  A frilled lizard (D:1)
  3 kobolds
  5 rats
30 creatures vanquished.

Notes
Turn   | Place    | Note
-------+----------+-------------------------------------------
     0 | D:1      | devnull the Merfolk Gladiator began the quest for the Orb.
     0 | D:1      | Reached XP level 1. HP: 16/16 MP: 1/1
   207 | D:1      | Reached XP level 2. HP: 22/22 MP: 2/2
   768 | D:2      | Reached skill level 5 in Polearms
  1231 | D:2      | Found a faded altar of an unknown god.
  1732 | D:3      | Found a shimmering altar of Xom.
  1735 | D:3      | Reached XP level 3. HP: 27/27 MP: 3/3
  2313 | D:3      | Killed from afar by an orc wizard

Illustrated notes

Levels and vault maps discovered:
D:1:      dpeg_arrival_arbitrary_b, layout_loops_ring
D:2:      layout_loops_ring, shapermc_ecumenical_altar_hornbeckon
D:3:      layout_basic, lemuel_round_altar, dk_noncrumbling_3

Skill      XL: |  1  2 |
---------------+-------+-----
Polearms       | 5 |  5.8
Fighting       | |  2.1
Throwing       | |  2.0
Dodging        | |  4.0

Action                   || total
-------------------------++-------
Melee: Trident           ||    88
  Use: Scroll            ||     3
 Stab: Sleeping          ||     7
Armor: Leather armour    ||    18
Dodge: Dodged            ||    38
